 Dungeon Crawl Stone Soup version 0.31-a0-180-g519b7de00c (webtiles) character file.

Game seed: 58841771267111292

674 qw the Chopper (level 7, -4/43 HPs)
             Began as a Gargoyle Fighter on June 20, 2023.
             Was an Initiate of Okawaru.
             Slain by an iguana (9 damage)
             ... on level 5 of the Dungeon.
             The game lasted 00:02:28 (3621 turns).

qw the Chopper (Gargoyle Fighter)                   Turns: 3621, Time: 00:02:29

Health: -4/43      AC: 17    Str: 22    XL:     7   Next: 59%
Magic:  7/7        EV:  8    Int:  8    God:    Okawaru [......]
Gold:   136        SH:  4    Dex:  9    Spells: 6/6 levels left

rFire   . . .        Y - +1 war axe
rCold   . . .        c - +0 buckler
rNeg    + . .        a - +0 chain mail
rPois   inf          (no helmet)
rElec   +            b - +0 cloak
rCorr   .            h - +0 pair of gloves
SInv    .            e - +0 pair of boots
Will    .....        (no amulet) Stlth
                     (no ring)
HPRegen 0.27/turn    (no ring)
MPRegen 0.10/turn

%: no passive effects
@: about to teleport, marked
A: sickness immunity, AC +4, negative energy resistance 1, electricity
resistance, torment resistance 1, petrification resistance
a: Renounce Religion


You were on level 5 of the Dungeon.
You worshipped Okawaru.
Okawaru was noncommittal.
You visited 2 branches of the dungeon, and saw 6 of its levels.

You collected 202 gold pieces.
You spent 66 gold pieces at shops.


Innate Abilities, Weirdness & Mutations

You are immune to sickness and miasma.
Your stone body is resilient. (AC +4)
You are immune to poison.
You resist negative energy. (rN+)
You are resistant to electric shocks. (rElec)
You are resistant to unholy torment.
You are immune to petrification.


   Skills:
 + Level 4.1 Fighting
 - Level 7.1 Axes
 - Level 3.2 Armour
 - Level 1.2 Dodging
 - Level 3.2 Shields


You had 6 spell levels left.
You didn't know any spells.
Your spell library was empty.

Inventory:

Hand Weapons
 j - a +0 flail
 Y - a +1 war axe (weapon)
Armour
 a - a +0 chain mail (worn)
 b - a +0 cloak (worn)
 c - a +0 buckler (worn)
 e - a +0 pair of boots (worn)
 f - a +0 plate armour
 h - a +0 pair of gloves (worn)
Scrolls
 i - 4 scrolls of identify
Potions
 d - 2 potions of might
 k - a potion of enlightenment {unknown}

Dungeon Overview and Level Annotations

Branches:
Dungeon (5/15)             Temple (1/1) D:4

Altars:
Ashenzari
Cheibriados
Dithmenos
Elyvilon
Fedhas
Gozag
Kikubaaqudgha
Nemelex Xobeh
Okawaru
Qazlal
Ru
Sif Muna
Uskayaw
Vehumet
Xom
Zin

Shops:
D:3 *(

Annotations:
D:3 1 runed translucent door, Crazy Yiuf
D:5 Grinder


Message History

The centaur kicks you but does no damage.
Grinder gestures at you.
You struggle to resist.
The iguana bites you but does no damage.
The hound bites you but does no damage. The orc hits you but does no damage.
A scorpion comes into view.
The centaur hits you but does no damage.
The centaur kicks you but does no damage.
The hound bites you but does no damage.
Grinder drinks a potion.
Grinder seems to speed up.
The iguana completely misses you. The orc hits you but does no damage.
The centaur hits you but does no damage.
The centaur kicks you but does no damage.
The hound bites you.
The centaur hits you but does no damage.
The centaur kicks you but does no damage.
The iguana bites you. The hound bites you but does no damage.
The orc hits you but does no damage. Grinder gestures at you.
Pain shoots through your body!
The centaur hits you but does no damage.
The centaur kicks you but does no damage.
You can move again.
3620 ||| READING scroll of teleportation.
As you read the scroll of teleportation, it crumbles to dust.
You feel strangely unstable. The hound bites you but does no damage.
The iguana bites you but does no damage.
Grinder gestures at you.
You shrug off the repeated paralysis!
The orc hits you but does no damage.
The centaur hits you but does no damage.
The centaur closely misses you. The hound bites you but does no damage.
You hit the iguana but do no damage.
The iguana is almost dead.
You completely miss Grinder. You barely miss the centaur. You hit the orc.
You closely miss the hound.
Grinder blinks!
The centaur barely misses you.
The centaur kicks you but does no damage.
The hound bites you but does no damage. The iguana bites you!
You die...

#################
#########...%)..........#
..................>...#.
#########.########%##.#
#.########.##.#
#.#...oo@ยค....#
#.#.#..hlcl#### #.#
#...o.......# #.#
#....s.###### #.#
#####..# #..# #..# #..#
#..#


You could see a centaur, a scorpion, 2 iguanas, a hound, an orc priest and 2
orcs.

Vanquished Creatures
  3 scorpions (D:4)
  2 howler monkeys (D:4)
  A jelly (D:5)
  A gnoll bouda (D:5)
  2 orc priests (D:3)
  A sleepcap (D:4)
  6 gnolls
  9 adders
  2 river rats (D:4)
  An ufetubus (D:5)
  A worm (D:2)
  A dart slug (D:1)
  9 orcs
  9 ball pythons
  8 bats
  6 endoplasms
  8 giant cockroaches
  7 goblins
  7 hobgoblins
  4 jackals (D:5)
  2 quokkas
  6 frilled lizards
  4 kobolds
  17 rats
117 creatures vanquished.

Notes
Turn   | Place    | Note
-------+----------+-------------------------------------------
     0 | D:1      | qw the Gargoyle Fighter began the quest for the Orb.
     0 | D:1      | Reached XP level 1. HP: 14/14 MP: 1/1
     0 | D:1      | 0 ||| qw: Version: 0.3-a-9-g12657ce
     0 | D:1      | 0 ||| qw: Game counter: 1173
     0 | D:1      | 0 ||| qw: Always use a shield: true
     0 | D:1      | 0 ||| qw: God list: Okawaru
     0 | D:1      | 0 ||| qw: Allow faded altars: false
     0 | D:1      | 0 ||| qw: Do Orc after D:15 true
     0 | D:1      | 0 ||| qw: Do second Lair branch before Depths: true
     0 | D:1      | 0 ||| qw: Lair rune preference: random
     0 | D:1      | 0 ||| qw: Plans: Normal, Zot:1-4, Slime:5, God:TSO, Crypt,
                  | Tomb, Abyss, Pan, Hells, Win
     0 | D:1      | 0 ||| PLANNING D:1-11
    41 | D:1      | Reached skill level 2 in Axes
   105 | D:1      | Reached XP level 2. HP: 19/19 MP: 2/2
   326 | D:1      | Reached skill level 3 in Axes
   399 | D:1      | Reached XP level 3. HP: 23/23 MP: 3/3
   707 | D:1      | 707 ||| Stepping ~*~*~tactically~*~*~ (hiding).
   941 | D:1      | 941 ||| UPGRADING to +0 pair of boots.
   946 | D:1      | 946 ||| UPGRADING to +0 pair of gloves.
   951 | D:1      | 951 ||| READING scroll labelled OSEMALA ZEORGHO.
   972 | D:2      | Found a faded altar of an unknown god.
   973 | D:2      | 973 ||| Stepping ~*~*~tactically~*~*~ (stealth).
  1057 | D:2      | Reached XP level 4. HP: 28/28 MP: 4/4
  1099 | D:2      | Reached skill level 4 in Axes
  1191 | D:2      | 1191 ||| Stepping ~*~*~tactically~*~*~ (hiding).
  1249 | D:2      | 1249 ||| DROPPING +0 club.
  1565 | D:2      | 1565 ||| UPGRADING to +0 chain mail.
  1575 | D:2      | 1575 ||| DROPPING +0 scale mail.
  1576 | D:2      | 1576 ||| DROPPING scarf of shadows.
  1577 | D:2      | 1577 ||| READING scroll labelled VACEAR JIQEE.
  1578 | D:2      | 1578 ||| READING scroll labelled WIEXIUFOCICIS.
  1579 | D:2      | 1579 ||| READING scroll labelled FAULIE KAXASA.
  1580 | D:2      | 1580 ||| READING scroll labelled VIUFEC TUDOEMO.
  1627 | D:3      | 1627 ||| DROPPING +0 whip.
  1629 | D:3      | Found a runed translucent door.
  1630 | D:3      | Noticed Crazy Yiuf
  1738 | D:3      | Found Toojojio's General Store.
  1747 | D:3      | 1747 ||| BUYING potion of might (44 gold).
  1747 | D:3      | Bought a potion of might for 44 gold pieces
  1747 | D:3      | 1747 ||| BUYING scroll of identify (22 gold).
  1747 | D:3      | Bought a scroll of identify for 22 gold pieces
  1755 | D:3      | Found a broken altar of Ashenzari.
  1819 | D:3      | Reached XP level 5. HP: 29/32 MP: 5/5
  1852 | D:3      | 1852 ||| DROPPING +0 hammer.
  1983 | D:3      | Found Sujukel's Weapon Shoppe.
  1991 | D:3      | 1991 ||| SHOPLISTING +2 flail of protection (226 gold, have
                  | 46).
  2228 | D:3      | Reached skill level 5 in Axes
  2356 | D:3      | 2356 ||| READING scroll labelled SUCUTA PIANAXT.
  2357 | D:3      | 2357 ||| READING scroll labelled WUWAOTZOADD.
  2379 | D:4      | 2379 ||| PLANNING SEWER
  2500 | D:4      | Reached XP level 6. HP: 38/38 MP: 6/6
  2644 | D:4      | Reached skill level 6 in Axes
  2674 | D:4      | Reached skill level 1 in Dodging
  2674 | D:4      | Reached XP level 7. HP: 43/43 MP: 7/7
  2674 | D:4      | Identified the +4 ring mail "Utunid Buke" {rN+}
  2860 | D:4      | 2860 ||| Stepping ~*~*~tactically~*~*~ (stealth).
  2861 | D:4      | 2861 ||| Stepping ~*~*~tactically~*~*~ (stealth).
  2903 | D:4      | Found an opulent altar of Gozag.
  2958 | D:4      | Found a staircase to the Ecumenical Temple.
  2981 | D:4      | 2981 ||| RIP SEWER
  2982 | D:4      | 2982 ||| PLANNING TEMPLE
  2990 | D:4      | 2990 ||| UPGRADING to +0 cloak.
  2995 | D:4      | 2995 ||| DROPPING +4 ring mail "Utunid Buke" {rN+}.
  2996 | D:4      | 2996 ||| READING scroll labelled VYS CAADOYDEUM.
  2997 | D:4      | 2997 ||| READING 2 scrolls labelled OSYAXZ OR MOEM.
  2998 | D:4      | 2998 ||| DROPPING scroll of fog.
  3009 | Temple   | Entered the Ecumenical Temple
  3013 | Temple   | 3013 ||| PLANNING OKAWARU WORSHIP
  3203 | Temple   | Became a worshipper of Warmaster Okawaru
  3204 | Temple   | 3204 ||| PLANNING D:1-11
  3272 | D:4      | 3272 ||| Stepping ~*~*~tactically~*~*~ (water).
  3385 | D:4      | 3385 ||| Stepping randomly (stuck).
  3409 | D:5      | Entered Level 5 of the Dungeon
  3590 | D:5      | 3590 ||| Stepping ~*~*~tactically~*~*~ (stealth).
  3602 | D:5      | 3602 ||| FLEEEEING.
  3611 | D:5      | Reached skill level 7 in Axes
  3612 | D:5      | Noticed Grinder
  3615 | D:5      | Paralysed by Grinder for 5 turns
  3619 | D:5      | HP: 10/43 [iguana (4)]
  3620 | D:5      | 3620 ||| READING scroll of teleportation.
  3621 | D:5      | Slain by an iguana

Levels and vault maps discovered:
D:1:      reono_arrival_forest_river, layout_loops_ring, minmay_rat_gold_closets
D:2:      layout_rooms, shapermc_ecumenical_altar_starsandcircs,
          chequers_serial_rivers_micro_e, chequers_serial_rivers_room_a
D:3:      layout_basic, ashenzari_altar_1, serial_shops, shop,
          nicolae_shop_bloodbath_and_beyond, uniq_crazy_yiuf_cottage
D:4:      layout_rooms, mainiacjoe_overflow_small_starburst,
          minmay_temple_entry_hall, portal_sewer_entry_e
D:5:      layout_basic, uniq_grinder, uniq_blork_the_orc
Temple:   nicolae_temple_bog_church

Skill      XL: |  1  2  3  4  5  6  7 |
---------------+----------------------+-----
Axes           | 2 3 4 5 6 7 |  7.1
Fighting       | 4 |  4.1
Dodging        | 1 |  1.2
Armour         | |  3.2
Shields        | |  3.2

Action                     |  1- 3 |  4- 6 |  7- 9 || total
---------------------------+-------+-------+-------++-------
  Melee: War axe           |   111 |   139 |    79 ||   329
    Use: Scroll            |     1 |     6 |     3 ||    10
 Armour: Scale mail        |    44 |    16 |       ||    60
         Chain mail        |       |    58 |    86 ||   144
  Dodge: Dodged            |    50 |    55 |    39 ||   144
  Block: Buckler           |    27 |    24 |    18 ||    69

Table legend:
 A = Non-vault XP
 B = Vault XP
 C = Vault XP percentage of total XP
 D = Non-vault monster count
 E = Vault monster count
 F = Vault count percentage of total count
                 A         B        C        D         E       F
            +---------+---------+-------+---------+---------+-------
      Total |     920 |      43 |   4.5 |     101 |      16 |  13.7
            +---------+---------+-------+---------+---------+-------
        D:1 |      45 |       8 |  15.1 |      28 |       8 |  22.2
        D:2 |     102 |       0 |   0.0 |      23 |       0 |   0.0
        D:3 |     111 |       0 |   0.0 |      14 |       0 |   0.0
        D:4 |     489 |      35 |   6.7 |      23 |       8 |  25.8
        D:5 |     173 |       0 |   0.0 |      13 |       0 |   0.0
            +---------+---------+-------+---------+---------+-------
